 Dungeon Crawl Stone Soup version 0.26-a0-259-g1effd001a9 (webtiles) character file.

Game seed: 13823452998443877347

165 bmfx the Poker (level 5, 0/42 HPs)
             Began as a Human Monk on July 25, 2020.
             Succumbed to a worker ant's poison
             ... on level 4 of the Dungeon.
             The game lasted 00:06:35 (3805 turns).

bmfx the Poker (Human Monk)                         Turns: 3805, Time: 00:06:36

Health: 0/42       AC:  3    Str: 13    XL:     5   Next: 75%
Magic:  5/5        EV: 10    Int: 10    God:
Gold:   125        SH:  7    Dex: 15    Spells: 4/4 levels left

rFire    . . .     SeeInvis .   a - +0 spear
rCold    . . .     Faith    .   i - +0 kite shield
rNeg     . . .     Spirit   .   l - +0 leather armour
rPois    .         Reflect  .   (no helmet)
rElec    .         Harm     .   (no cloak)
rCorr    .                      (no gloves)
MR       .....                  (no boots)
Stlth    ++........             (no amulet)
HPRegen  0.14/turn              (no ring)
MPRegen  0.09/turn              (no ring)

@: lethally poisoned (0 -> -6)
A: no striking features
a: no special abilities


You were on level 4 of the Dungeon.
You were not hungry.

You visited 1 branch of the dungeon, and saw 4 of its levels.

You collected 125 gold pieces.

Dungeon Overview and Level Annotations

Branches:
Dungeon (4/15)
 Temple: D:4-7

Altars:

Annotations:
D:3 1 runed translucent door, exclusions: kobold and 1 more exclusion, Crazy Yiuf, Ijyb


   Skills:
 * Level 3.7 Fighting
 + Level 5.5 Polearms
 - Level 3.0 Dodging
 - Level 2.0 Stealth


You had 4 spell levels left.
You didn't know any spells.
Your spell library was empty.

Action                   |  1- 3 |  4- 6 || total
-------------------------+-------+-------++-------
Melee: Spear             |   137 |   228 ||   365
Throw: Stone             |     1 |     3 ||     4
       Boomerang         |       |     2 ||     2
  Use: Scroll            |     4 |     1 ||     5
       Potion            |     4 |     1 ||     5
 Stab: Sleeping          |     1 |     7 ||     8
  Eat: Ration            |     1 |     2 ||     3
Armor: Robe              |     8 |     6 ||    14
       Leather armour    |       |    23 ||    23
Dodge: Dodged            |    74 |    79 ||   153
Block: Kite shield       |       |    56 ||    56

Skill      XL: |  1  2  3  4 |
---------------+-------------+-----
Polearms       | 4 5 |  5.5
Fighting       | |  3.7
Dodging        | |  3.0
Stealth        | |  2.0

Inventory:

Hand Weapons
 a - a +0 spear (weapon)
Missiles
 b - 7 boomerangs (quivered)
 f - 15 arrows
 n - 41 bolts
 s - 47 stones
Armour
 i - a +0 kite shield (worn)
 l - a +0 leather armour (worn)
Scrolls
 c - 2 scrolls of remove curse
 e - a scroll of magic mapping
 g - a scroll of fear {unknown}
 j - a scroll of immolation {unknown}
Potions
 k - a potion of cancellation
Comestibles
 d - 5 rations

#####* ** #....############****,
#................,,,,,
#...............o,****
#........%.......**≈≈*
********###...l............*≈≈≈≈
*,,,,,*,.......@...........**≈≈*
*,*,,,,,.#.................,*≈**
*,*****,...................,*≈*≈
*,*,,,,,..##.......(.......,*≈*≈
*,*,*,,,.,#..>.............,*≈**
*,,,,*,,*,#................**≈≈*
***,,,,,*,#...........<(.,,*≈≈≈≈
*,,,,,,,,,##............,,,**≈≈*
*,*,,,,,,,,,,,,,,,,,,,,,,,,,****


You could see a frilled lizard.

Vanquished Creatures
  A worker ant (D:3)
  5 adders
  An adder skeleton (D:4)
  A worm (D:2)
  2 leopard geckos
  3 orcs (D:3)
  3 ball pythons
  3 giant cockroaches
  12 goblins
  13 hobgoblins
  8 jackals
  2 quokkas (D:3)
  7 bats
  3 frilled lizards
  7 kobolds
  5 rats
76 creatures vanquished.

Vanquished Creatures (others)
  A kobold (D:3)
1 creature vanquished.

Grand Total: 77 creatures vanquished

Levels and vault maps discovered:
D:1:      mainiacjoe_arrival_reflecting_pool, layout_basic
D:2:      layout_basic, minmay_misc_feat_hallway, kennysheep_generic_room_12
D:3:      layout_basic, lemuel_old_faithful, uniq_ijyb, uniq_crazy_yiuf_cottage
D:4:      layout_basic, gup_sewer_entry_bubbles


Message History

The worker ant is almost dead.
The worker ant bites you.
* * * LOW HITPOINT WARNING * * *
You hit the worker ant but do no damage.
The worker ant is almost dead.
The worker ant bites you.
* * * LOW HITPOINT WARNING * * *
You are lethally poisoned!
The worker ant poisons you!
You hit the worker ant.
You kill the worker ant!
* * * LOW HITPOINT WARNING * * *
You feel sick.
* * * LOW HITPOINT WARNING * * *
You feel sick.
You climb downwards.
You hear the sound of rushing water.
There is an entrance to a sewer on this level.
Hurry and find it before the portal rusts away!
You hear the slow rusting of a distant drain.
You die...

Notes
Turn   | Place    | Note
-------+----------+-------------------------------------------
     0 | D:1      | bmfx the Human Monk began the quest for the Orb.
     0 | D:1      | Reached XP level 1. HP: 18/18 MP: 1/1
   159 | D:1      | Reached XP level 2. HP: 24/24 MP: 2/2
   840 | D:1      | Reached skill level 4 in Polearms
   840 | D:1      | Reached XP level 3. HP: 29/29 MP: 3/3
  1769 | D:2      | Reached XP level 4. HP: 35/35 MP: 4/4
  2131 | D:2      | Reached skill level 5 in Polearms
  2811 | D:3      | Noticed Ijyb
  2826 | D:3      | Reached XP level 5. HP: 41/41 MP: 5/5
  3305 | D:3      | Found a runed translucent door.
  3306 | D:3      | Noticed Crazy Yiuf
  3802 | D:3      | HP: 2/41 [worker ant (4)]
  3805 | D:4      | Succumbed to a worker ant's poison
